 Dungeon Crawl Stone Soup version 0.28-a0-1143-gcf6077d4cc (webtiles) character file.

Game seed: 5511559120928349636

4 ytrimaz the Shield-Bearer (level 1, 0/18 HPs)
             Began as a Formicid Fighter on Dec 13, 2021.
             Slain by a worm (8 damage)
             ... on level 1 of the Dungeon.
             The game lasted 00:00:11 (75 turns).

ytrimaz the Shield-Bearer (Formicid Fighter)          Turns: 75, Time: 00:00:12

Health: 0/18       AC:  6    Str: 20    XL:     1   Next: 66%
Magic:  1/1        EV:  9    Int:  7    God:
Gold:   0          SH:  4    Dex: 10    Spells: 0/0 levels left

rFire   . . .      SeeInvis +   a - +0 war axe
rCold   . . .      Faith    .   c - +0 buckler
rNeg    . . .      Spirit   .   b - +0 scale mail
rPois   .          Reflect  .   (helmet unavailable)
rElec   .          Harm     .   (no cloak)
rCorr   .          Rampage  .   (no gloves)
Will    .....                   (no boots)
Stlth   ..........              (no amulet)
HPRegen 0.06/turn               (no ring)
MPRegen 0.07/turn               (no ring)

@: no status effects
A: permanent stasis, dig shafts and tunnels, antennae 3, four strong arms
a: Dig, Shaft Self


You were on level 1 of the Dungeon.
You visited 1 branch of the dungeon, and saw 1 of its levels.

Inventory:

Hand Weapons
 a - a +0 war axe (weapon)
Armour
 b - a +0 scale mail (worn)
 c - a +0 buckler (worn)
Potions
 d - a potion of might


   Skills:
 * Level 3.4 Fighting
 + Level 2.0 Axes
 * Level 3.3 Armour
 * Level 3.7 Shields


You couldn't memorise any spells.
You didn't know any spells.
Your spell library was empty.

Dungeon Overview and Level Annotations

Branches:
Dungeon (1/15)

Altars:


Innate Abilities, Weirdness & Mutations

You cannot be hasted, slowed, berserked, paralysed or teleported.
You can dig through walls and to a lower floor.
You have a pair of large antennae on your head. (SInv)
Your four strong arms can wield two-handed weapons with a shield.


Message History

You kill the ball python!
The goblin hits you but does no damage. The goblin hits you with a +0 dagger.
You closely miss the goblin. You hit the kobold.
You kill the kobold!
You hear a splash.
You block the goblin's attack.
Unknown command.
You closely miss the goblin. You barely miss the frilled lizard.
You block the goblin's attack. The frilled lizard bites you.
The goblin hits you but does no damage.
Unknown command.
You slash the goblin!
You kill the goblin!
You closely miss the frilled lizard. The frilled lizard barely misses you.
The frilled lizard bites you but does no damage.
Unknown command.
The frilled lizard barely misses you.
Things that are here:
a +0 dagger; a goblin corpse Unknown command.
You miss the frilled lizard. The frilled lizard bites you.
You barely miss the frilled lizard.
The frilled lizard bites you but does no damage.
You hit the worm.
The worm is moderately wounded.
You closely miss the frilled lizard.
The frilled lizard bites you but does no damage.
The worm barely misses you. The frilled lizard bites you.
You are too injured to fight recklessly!
You are too injured to fight recklessly!
You hit the worm.
The worm is heavily wounded.
You barely miss the frilled lizard. The frilled lizard closely misses you.
The worm bites you but does no damage.
Unknown command.
You hit the worm.
The worm is severely wounded.
You barely miss the frilled lizard.
The frilled lizard barely misses you. x2
The worm bites you!
You die...

.##≈≈.≈.. #..# ......
#≈.#### ......
..(##.## ......
..<#.#.#..# #......
####.#.#..# .......
#..#.###..#
####.......
.##.####..#
#..w.#.....
#..##.##..#
##.#@.......
.#..#.##..#
#..)l.##....
..##.###..###.≈)≈.# #
####.###..##...⌠..#
#............≈.≈...#
........##..........#
...#######..........#
..# #..........# ..
#..........#


You could see a worm and a frilled lizard.

Vanquished Creatures
  An endoplasm (D:1)
  A goblin (D:1)
  A ball python (D:1)
  A kobold (D:1)
4 creatures vanquished.

Notes
Turn   | Place    | Note
-------+----------+-------------------------------------------
     0 | D:1      | ytrimaz the Formicid Fighter began the quest for the Orb.
     0 | D:1      | Reached XP level 1. HP: 18/18 MP: 1/1
    75 | D:1      | Slain by a worm

Illustrated notes

Levels and vault maps discovered:
D:1:      dpeg_arrival_brainrot, layout_rooms, shapermc_ecumenical_altar_venn,
          corexii_corridor_pit, minmay_misc_feat_square, minmay_curled_crystal,
          corexii_leaking_fountain, minmay_lizard_king

Action                   || total
-------------------------++-------
Melee: War axe           ||    15
Armor: Scale mail        ||     9
Dodge: Dodged            ||    10
Block: Buckler           ||     5

Table legend: (Time is in decaauts)
 A = Elapsed time spent in this place.
 B = Non-inter-level travel time spent in this place.
 C = Inter-level travel time spent in this place.
 D = Time resting spent in this place.
 E = Time spent auto-exploring this place.
 F = Levels seen in this place.
 G = Mean time per level.
                   A        B        C        D        E       F      G
               +--------+--------+--------+--------+--------+-----+--------+
         Total |     81 |     81 |      0 |      0 |     53 |   1 |   81.0 |
       Dungeon |     81 |     81 |      0 |      0 |     53 |   1 |   81.0 |
               +--------+--------+--------+--------+--------+-----+--------+

Top non-repeatable levels by time:
     D:1: 81 daAuts
